 Dungeon Crawl Stone Soup version 0.24.0-37-gcf1ca852f1 (webtiles) character file.

Game seed: 12788545499464741393, levelgen mode: deterministic

275 Peppero the Skirmisher (level 6, -2/56 HPs)
             Began as a Minotaur Fighter on Nov 21, 2019.
             Slain by an ogre
             ... wielding a +0 giant spiked club
              (25 damage)
             ... on level 4 of the Dungeon.
             The game lasted 00:04:03 (2402 turns).

Peppero the Skirmisher (Minotaur Fighter)           Turns: 2402, Time: 00:04:03

Health: -2/56      AC:  8    Str: 28    XL:     6   Next: 3%
Magic:  5/5        EV:  8    Int:  5    God:
Gold:   108        SH: 10    Dex:  9    Spells: 5/5 levels left

rFire    . . .     SeeInvis .   a - +0 war axe
rCold    . . .     Gourm    .   c - +0 shield
rNeg     . . .     Faith    .   b - +0 scale mail
rPois    .         Spirit   .   (helmet restricted)
rElec    .         Reflect  .   (no cloak)
rCorr    .         Harm     .   (no gloves)
MR       .....                  p - +0 pair of boots {run}
Stlth    ..........             (no amulet)
HPRegen  0.18/turn              (no ring)
MPRegen  0.09/turn              (no ring)

@: mighty, quick
A: retaliatory headbutt, horns 2
a: no special abilities


You were on level 4 of the Dungeon.
You were not hungry.

You visited 1 branch of the dungeon, and saw 4 of its levels.

You collected 108 gold pieces.

Inventory:

Hand Weapons
 a - a +0 war axe (weapon)
 o - a +0 flail
Armour
 b - a +0 scale mail (worn)
 c - a +0 shield (worn)
 p - a +0 pair of boots of running (worn)
Wands
 m - a wand of disintegration (20)
Scrolls
 e - 3 scrolls of identify {unknown}
 h - 2 scrolls of teleportation {unknown}
 i - a scroll of magic mapping {unknown}
 n - 2 scrolls of enchant weapon {unknown}
Potions
 g - 2 potions of curing {unknown}
 j - a potion of lignification {unknown}
 k - 2 potions of invisibility {unknown}
 l - a potion of degeneration {unknown}
Comestibles
 f - 9 rations


   Skills:
 * Level 5.4 Fighting
 * Level 4.5 Axes
 * Level 5.0 Armour
 * Level 1.3 Dodging
 + Level 4.3 Shields


You had 5 spell levels left.
You didn't know any spells.
Your spell library was empty.

Dungeon Overview and Level Annotations

Branches:
Dungeon (4/15)
 Temple: D:4-7

Altars:
Dithmenos


Innate Abilities, Weirdness & Mutations

You reflexively headbutt those who attack you in melee.
You have a pair of horns on your head.


Message History

Unknown command.
You slash the ogre! You headbutt the ogre.
The ogre is heavily wounded.
The ogre hits you with a +0 giant spiked club!
You are too injured to fight recklessly!
Unknown command.
You are too injured to fight recklessly!
Unknown command.
You are too injured to fight recklessly!
Unknown command.
Okay, then.
You feel very mighty all of a sudden. You block the ogre's attack.
You barely miss the ogre.
The ogre is heavily wounded.
The ogre barely misses you.
You slash the ogre!
The ogre is almost dead.
The ogre hits you with a +0 giant spiked club!!
You die...

...................
....................
.........##.########
.(.......##.#
.........#..#
...........##
#........†##
#.........#
#....@....#
#$..O........#
#.....###.#...
#.....# (..##
##..... ##.# ......
.# #...... #
#$......


You could see an ogre.

Vanquished Creatures
  A centaur skeleton (D:4)
  Natasha (thrice) (D:2)
  6 adders
  3 gnolls (D:2)
  2 worms (D:2)
  2 dart slugs (D:1)
  3 leopard geckos
  3 orcs
  A ball python (D:1)
  4 giant cockroaches
  9 goblins
  10 hobgoblins
  6 jackals (D:1)
  6 kobolds
  2 quokkas (D:2)
  5 bats
  4 frilled lizards
  7 rats
77 creatures vanquished.

Notes
Turn   | Place    | Note
-------+----------+-------------------------------------------
     0 | D:1      | Peppero the Minotaur Fighter began the quest for the Orb.
     0 | D:1      | Reached XP level 1. HP: 19/19 MP: 0/0
   113 | D:1      | Reached XP level 2. HP: 21/27 MP: 1/1
   363 | D:1      | Reached XP level 3. HP: 33/33 MP: 2/2
   813 | D:2      | Reached XP level 4. HP: 33/41 MP: 3/3
  1153 | D:2      | Reached skill level 1 in Dodging
  1364 | D:2      | Noticed Natasha
  1371 | D:2      | Killed Natasha
  1402 | D:2      | Reached XP level 5. HP: 47/47 MP: 4/4
  1603 | D:2      | Noticed Natasha
  1610 | D:2      | Killed Natasha
  1610 | D:2      | Reached skill level 5 in Fighting
  1854 | D:2      | Noticed Natasha
  1861 | D:2      | Killed Natasha
  1875 | D:3      | Found a shadowy altar of Dithmenos.
  1943 | D:3      | Found a faded altar of an unknown god.
  2101 | D:3      | You fall into a shaft and drop 1 floor!
  2305 | D:4      | Reached skill level 5 in Armour
  2305 | D:4      | Reached XP level 6. HP: 56/56 MP: 5/5
  2321 | D:4      | Identified a +0 pair of boots of running (You found it on
                  | level 4 of the Dungeon)
  2402 | D:4      | Slain by an ogre

Levels and vault maps discovered:
D:1:      minmay_arrival_checkered_box, layout_basic, grunt_decor_cap
D:2:      layout_loops_corners, serial_bayou_lake_a, uniq_natasha
D:3:      layout_basic, grunt_dithmenos_smoke_and_mirrors,
          chequers_ecumenical_altar_simple, tgw_trog
D:4:      minmay_spotlight, layout_rooms, first_ration, minmay_misc_feat_square,
          minivault_1, due_unseen_surprise

Skill      XL: |  1  2  3  4  5 |
---------------+----------------+-----
Armour         | 4 5 |  5.0
Fighting       | 4 5 |  5.4
Axes           | 3 4 |  4.5
Shields        | 4 |  4.3
Dodging        | 1 |  1.3

Action                   |  1- 3 |  4- 6 || total
-------------------------+-------+-------++-------
Melee: War axe           |    83 |   135 ||   218
       Headbutt          |    10 |    20 ||    30
  Use: Potion            |       |     1 ||     1
  Eat: Chunk             |       |     2 ||     2
       Ration            |       |     1 ||     1
Armor: Scale mail        |    42 |    47 ||    89
Dodge: Dodged            |    32 |    34 ||    66
Block: Shield            |    49 |    55 ||   104
